 Dungeon Crawl Stone Soup version 0.31-a0-187-gba352fbbf7 (webtiles) character file.

Game seed: 15914241494486838459

107 qw the Skirmisher (level 4, 0/25 HPs)
             Began as a Deep Elf Hunter on June 22, 2023.
             Slain by a sleepcap (19 damage)
             ... on level 4 of the Dungeon.
             The game lasted 00:00:39 (1583 turns).

qw the Skirmisher (Deep Elf Hunter)                 Turns: 1583, Time: 00:00:40

Health: 0/25       AC:  3    Str: 10    XL:     4   Next: 56%
Magic:  6/6        EV:  2    Int: 14    God:
Gold:   183        SH:  0    Dex: 18    Spells: 3/3 levels left

rFire   . . .        Y - +1 shortbow
rCold   . . .        (shield currently unavailable)
rNeg    . . .        c - +0 leather armour
rPois   .            (no helmet)
rElec   .            (no cloak)
rCorr   .            (no gloves)
SInv    +            (no boots)
Will    .....        (no amulet)
Stlth   ++           i - ring of see invisible
HPRegen 0.24/turn    (no ring)
MPRegen 0.10/turn

%: no passive effects
@: sleeping
A: no striking features
a: no special abilities


You were on level 4 of the Dungeon.
You visited 1 branch of the dungeon, and saw 4 of its levels.

You collected 183 gold pieces.


   Skills:
 - Level 1.5 Fighting
 + Level 8.0 Ranged Weapons
 - Level 2.4 Dodging
 - Level 1.2 Stealth


You had 3 spell levels left.
You didn't know any spells.
Your spell library was empty.

Inventory:

Hand Weapons
 Y - a +1 shortbow (weapon)
Armour
 c - a +0 leather armour (worn)
Jewellery
 b - a ring of ice
 i - a ring of see invisible (left hand)
Scrolls
 a - a scroll of identify
Potions
 d - a potion of cancellation {unknown}
 e - a potion of haste {unknown}
 f - a potion of heal wounds {unknown}
 g - 2 potions of curing
 h - a potion of degeneration {unknown}
 j - a potion of mutation {unknown}
 k - a potion of might {unknown}

Dungeon Overview and Level Annotations

Branches:
Dungeon (4/15)
 Temple: D:4-7

Altars:
Fedhas

Shops:
D:2 (


Message History

The adder is heavily wounded.
You shoot an arrow. The arrow hits the adder.
The adder is severely wounded.
You shoot an arrow. The arrow closely misses the adder.
The adder misses you. The adder barely misses you.
You shoot an arrow. The arrow hits the adder!
You kill the adder!
Your Ranged Weapons skill increases to level 8!
You see here an adder corpse.
A sleepcap comes into view.
Found 10 gold pieces.
Enter note:
Enter note: You shoot an arrow.
The arrow hits the sleepcap.
The sleepcap is moderately damaged.
A sleepcap is nearby!
Enter note:
Enter note: You shoot an arrow.
The arrow completely misses the sleepcap.
You shoot an arrow. The arrow hits the sleepcap.
The sleepcap is moderately damaged.
You shoot an arrow.
The arrow hits the sleepcap but does no damage.
The sleepcap is moderately damaged.
The sleepcap misses you.
You shoot an arrow. The arrow hits the sleepcap.
The sleepcap is moderately damaged.
The sleepcap releases spores at you but does no damage.
You shoot an arrow. The arrow hits the sleepcap.
The sleepcap is moderately damaged.
The sleepcap barely misses you.
You shoot an arrow. The arrow hits the sleepcap.
The sleepcap is heavily damaged.
The sleepcap releases spores at you!
You are engulfed in a cloud of soporific spores!
You fall asleep.
The sleepcap releases spores at you!!
Ouch! That really hurt!
You die...

#.. #####.....#
###...# #######
##....#
.......###....##
..........###.#
.........###..#
######..####.##
#.......######..
#..###..@f......
#..# #...#8..8#.
##.. #..## ...#
##....## ...#
#...# $## ##..#
# #..# ...#


You could see a sleepcap.

Vanquished Creatures
  Jessica (D:3)
  2 adders
  3 dart slugs
  An orc (D:4)
  8 bats
  3 endoplasms (D:1)
  4 giant cockroaches
  3 goblins
  6 hobgoblins
  2 quokkas
  A ball python (D:2)
  4 frilled lizards
  9 kobolds
  9 rats
56 creatures vanquished.

Notes
Turn   | Place    | Note
-------+----------+-------------------------------------------
     0 | D:1      | qw the Deep Elf Hunter began the quest for the Orb.
     0 | D:1      | Reached XP level 1. HP: 12/12 MP: 3/3
     0 | D:1      | 0 ||| qw: Version: 0.3-a-9-g12657ce
     0 | D:1      | 0 ||| qw: Game counter: 2654
     0 | D:1      | 0 ||| qw: Always use a shield: true
     0 | D:1      | 0 ||| qw: God list: Okawaru
     0 | D:1      | 0 ||| qw: Allow faded altars: false
     0 | D:1      | 0 ||| qw: Do Orc after D:15 true
     0 | D:1      | 0 ||| qw: Do second Lair branch before Depths: true
     0 | D:1      | 0 ||| qw: Lair rune preference: random
     0 | D:1      | 0 ||| qw: Plans: Normal
     0 | D:1      | 0 ||| PLANNING D:1-11
    90 | D:1      | Reached skill level 6 in Ranged Weapons
    90 | D:1      | Reached XP level 2. HP: 15/16 MP: 4/4
   437 | D:1      | 437 ||| UPGRADING to ring of see invisible.
   438 | D:1      | 438 ||| READING 2 scrolls labelled VUBLUONTOP.
   439 | D:1      | 439 ||| READING scroll labelled VANATEBE NEFFIVYI.
   440 | D:1      | 440 ||| READING scroll labelled PIFUKEV XOTUI.
   441 | D:1      | 441 ||| DROPPING scroll of revelation.
   442 | D:1      | 442 ||| DROPPING scroll of butterflies.
   485 | D:2      | Found a blossoming altar of Fedhas.
   525 | D:2      | Found a faded altar of an unknown god.
   550 | D:2      | Found Iqomouho's Antique Weapon Boutique.
   553 | D:2      | Reached XP level 3. HP: 20/20 MP: 5/5
   561 | D:2      | 561 ||| SHOPLISTING glowing sling (85 gold, have 74).
   561 | D:2      | 561 ||| SHOPLISTING runed orcbow (123 gold, have 74).
   793 | D:2      | Reached skill level 7 in Ranged Weapons
  1095 | D:2      | 1095 ||| READING 2 scrolls labelled DUOCEM ATOB.
  1096 | D:2      | 1096 ||| DRINKING 3 silvery potions.
  1097 | D:2      | 1097 ||| DROPPING scroll of fear.
  1135 | D:3      | Noticed Jessica
  1140 | D:3      | Killed Jessica
  1141 | D:3      | Reached XP level 4. HP: 23/25 MP: 6/6
  1494 | D:3      | 1494 ||| READING scroll labelled PIRACV MESOU.
  1533 | D:4      | Reached skill level 8 in Ranged Weapons
  1583 | D:4      | Slain by a sleepcap

Levels and vault maps discovered:
D:1:      reono_arrival_forest_river, layout_basic
D:2:      layout_loops_ring, shapermc_ecumenical_altar_mp_ritualfount,
          serial_shops, shop, basic_altar, kennysheep_cross_bottleneck
D:3:      layout_rooms, uniq_jessica
D:4:      layout_layer_cave, mainiacjoe_overflow_brackets, jmf_multi_god_temple,
          serial_co_window_serial, co_window_of_opportunity_a,
          co_window_corner_a, co_window_corner_a, co_window_of_opportunity_a,
          co_window_corner_a, co_window_unsneaky_path_e, co_window_paths_c,
          co_window_broadway_b, co_window_2corner, co_window_paths_c,
          co_window_broadway_b, co_window_corner_b, glass_columns_b,
          glass_columns_a, glass_columns_c, glass_columns_a, glass_columns_c,
          corexii_mini_fake_secret_closet, kennysheep_generic_room_8

Skill      XL: |  1  2  3  4 |
---------------+-------------+-----
Ranged Weapons | 6 7 8 |  8.0
Fighting       | |  1.5
Dodging        | |  2.4
Stealth        | |  1.2

Action                     |  1- 3 |  4- 6 || total
---------------------------+-------+-------++-------
   Fire: Shortbow          |    98 |    35 ||   133
    Use: Scroll            |     4 |     1 ||     5
         Potion            |     1 |       ||     1
 Armour: Leather armour    |     5 |     2 ||     7
  Dodge: Dodged            |    21 |     7 ||    28

Table legend:
 A = Non-vault XP
 B = Vault XP
 C = Vault XP percentage of total XP
 D = Non-vault monster count
 E = Vault monster count
 F = Vault count percentage of total count
                 A         B        C        D         E       F
            +---------+---------+-------+---------+---------+-------
      Total |     116 |      37 |  24.2 |      55 |       1 |   1.8
            +---------+---------+-------+---------+---------+-------
        D:1 |      36 |       0 |   0.0 |      23 |       0 |   0.0
        D:2 |      35 |       0 |   0.0 |      20 |       0 |   0.0
        D:3 |      28 |      37 |  56.9 |      10 |       1 |   9.1
        D:4 |      17 |       0 |   0.0 |       2 |       0 |   0.0
            +---------+---------+-------+---------+---------+-------
